 Dungeon Crawl Stone Soup version 0.19-a0-1442-g3b32ff5 (webtiles) character file.

42 dorian the Charmwright (level 3, -5/29 HPs)
             Began as a Demigod Skald on Sept 5, 2016.
             Killed from afar by Sigmund (10 damage)
             ... with a puff of flame
             ... on level 2 of the Dungeon.
             The game lasted 00:03:38 (1575 turns).

dorian the Charmwright (Demigod Skald)              Turns: 1575, Time: 00:03:39

Health: -5/29      AC:  4    Str: 15    XL:     3   Next: 19%
Magic:  8/8        EV: 12    Int: 16    God:
Gold:   75         SH:  0    Dex: 17    Spells: 1 memorised, 4 levels left

rFire  . . .     SeeInvis .     a - +0 falchion
rCold  . . .     Gourm    .     b - +0 leather armour
rNeg   . . .     Faith    .     (no shield)
rPois  .         Spirit   .     (no helmet)
rElec  .         Dismiss  .     f - +0 cloak (curse)
rCorr  .         Reflect  .     (no gloves)
MR     .....     Harm     .     (no boots)
Stlth  +.........               (no amulet)
                                (no ring)
                                (no ring)

@: no status effects
A: high mp 1
a: no special abilities


You were on level 2 of the Dungeon.
You were not hungry.

You visited 1 branch of the dungeon, and saw 2 of its levels.

You collected 75 gold pieces.

Inventory:

Hand Weapons
 a - a +0 falchion (weapon)
Armour
 b - a +0 leather armour (worn)
 f - a cursed +0 cloak (worn)
Scrolls
 h - a scroll of remove curse {unknown}
 i - 4 scrolls of magic mapping {unknown}
 j - 3 scrolls of enchant weapon {unknown}
 k - a scroll of immolation {unknown}
Potions
 e - a potion of curing {unknown}
 g - a potion of mutation {unknown}
 n - a potion of might {unknown}
Books
 c - a book of Battle

   Spells                             Type                      Level
   a - Infusion                       Charms                       1
   b - Shroud of Golubria             Charms/Translocation         2
   c - Song of Slaying                Charms                       2
   d - Spectral Weapon                Hexes/Charms                 3
   e - Regeneration                   Charms/Necromancy            3
Comestibles
 d - 2 bread rations
 l - a beef jerky
 m - a slice of pizza
 o - 2 chunks of flesh


   Skills:
 - Level 1.7 Fighting
 * Level 2.8 Long Blades
 - Level 0.8 Armour
 + Level 1.6 Dodging
 - Level 1.7 Spellcasting
 + Level 3.0 Charms


You had 4 spell levels left.
You knew the following spells:

 Your Spells              Type           Power        Failure   Level  Hunger
a - Infusion              Chrm           ##..         10%         1    ##.....


Dungeon Overview and Level Annotations

Branches:
Dungeon (2/15)

Annotations:
D:2 Sigmund


Innate Abilities, Weirdness & Mutations

You have an increased reservoir of magic. (+10% MP)


Message History

Sigmund points at you and mumbles some strange words.
The magic dart hits you!
You bump into the rock wall.
You bump into the rock wall.
Sigmund closely misses you. Sigmund misses you.
You bump into the rock wall.
Sigmund hits you from afar with a scythe of slicing.
Sigmund barely misses you.
You feel less confused.
Sigmund gestures wildly while chanting.
Sigmund flickers and vanishes!
Deactivating autopickup; reactivate with Ctrl-A.
A magic dart appears from out of thin air!
The magic dart hits you!
A magic dart appears from out of thin air!
The magic dart hits you!
* * * LOW HITPOINT WARNING * * *
A puff of flame appears from out of thin air!
The puff of flame hits you!
You die...

#.......# #....(##
#.##.##.# #.....##
#. #....# #.....##
#. #....# ########
#. #....# #
#.###.#.# ##
#.......###.#
##.......#.#
#@##.##..# #####
#.##.##.## ##.##..
#.##.....###.###.#
#.#####.#.#...{..#
#.. ...##.#######
### ########


There were no monsters in sight!

Vanquished Creatures
  2 dart slugs
  A giant gecko (D:1)
  4 giant cockroaches
  6 goblins
  4 hobgoblins
  3 kobolds (D:1)
  A quokka (D:2)
  7 bats
  A giant newt (D:1)
  7 rats
36 creatures vanquished.

Notes
Turn   | Place    | Note
-------+----------+-------------------------------------------
     0 | D:1      | dorian the Demigod Skald began the quest for the Orb.
     0 | D:1      | Reached XP level 1. HP: 17/17 MP: 5/5
    55 | D:1      | Reached skill level 1 in Dodging
   475 | D:1      | Reached XP level 2. HP: 24/24 MP: 7/7
   874 | D:2      | Found a faded altar of an unknown god.
   981 | D:2      | Noticed Sigmund
  1205 | D:2      | Reached XP level 3. HP: 22/29 MP: 8/8
  1418 | D:2      | Reached skill level 3 in Charms
  1575 | D:2      | Killed from afar by Sigmund

Vault maps used:
D:1:      lightli_arrival_lavapool
D:2:      ecumenical_altar_2, nicolae_underground_beach, uniq_sigmund

Skill      XL: |  1  2  3 |
---------------+----------+-----
Dodging        | 1 |  1.6
Long Blades    | 2 |  2.8
Charms         | 3 |  3.0
Fighting       | |  1.7
Armour         | |  0.8
Spellcasting   | |  1.7

Action                   || total
-------------------------++-------
Melee: Falchion          ||   151
 Stab: Sleeping          ||     2
  Eat: Chunk             ||     2
Armor: Leather armour    ||    39
Dodge: Dodged            ||    76
